MINNESOTA vs CHICAGO

Created - Friday, November 24, 2017 at 08:42

Goals
1 2 3 T
MINNESOTA 0 2 1 3
CHICAGO 0 1 1 2
Shots
1 2 3 T
MINNESOTA 10 13 10 33
CHICAGO 10 16 10 36

1st period

No Goal

Penalties :
Connor Murphy (CHI) for Hooking (Minor) at 0:38, Oliver Ekman-Larsson (MIN) for Tripping (Minor) at 5:27, Michael Del Zotto (CHI) for Holding Stick (Minor) at 18:04

2nd period

1. MINNESOTA , Jeff Carter 4 (Michal Rozsival 2) at 9:22
2. MINNESOTA , Anze Kopitar 11 (Nikita Kucherov 11, Niklas Hjalmarsson 12) at 9:57
3. CHICAGO , Ryan O'Reilly 4 (Jared Spurgeon 8, Filip Forsberg 12) at 14:10

Penalties :
Anze Kopitar (MIN) for Interference (Minor) at 0:46, James Neal (CHI) for Slashing (Minor) at 16:15

3rd period

4. MINNESOTA , Anze Kopitar 12 (Nikita Kucherov 12, Oliver Ekman-Larsson 6) at 2:49
5. CHICAGO , Matt Dumba 2 (Tyler Bozak 7, Rick Nash 5) at 8:45 (PP)

Penalties :
Wayne Simmonds (MIN) for Holding Stick (Minor) at 4:07, Oliver Ekman-Larsson (MIN) for Hooking (Minor) at 7:09, Francois Beauchemin (MIN) for High sticking (Minor) at 16:35, Mark Pysyk (CHI) for Diving (Minor) at 18:38

Goalie Stats

Andrei Vasilevskiy (MIN), 34 saves from 36 shots - (0.944), W, 12-5-1, 60:00 minutes
Marc-Andre Fleury (CHI), 30 saves from 33 shots - (0.909), L, 12-4-2, 60:00 minutes

Players Stats for MINNESOTA

Player Name              G  A  P  +/- PIM S  H  SB GA TA FO     MP     PP MP  PK MP  
------------------------------------------------------------------------------------
Anze Kopitar             2  0  2   2  2   4  3  2  0  0  19/31  23:56   4:10   5:19 
Artemi Panarin           0  0  0   0  0   4  0  0  0  0  0/3    16:48   3:08   0:00 
Erik Karlsson            0  0  0   0  0   1  0  1  0  0  0/0    26:10   3:30   5:49 
Francois Beauchemin      0  0  0   1  2   0  1  2  0  0  0/0    20:46   3:48   3:19 
Jakub Voracek            0  0  0   0  0   2  3  0  0  0  1/2    11:53   0:00   0:19 
Jeff Carter              1  0  1   0  0   8  1  0  0  0  15/23  19:48   3:08   3:00 
Joel Ward                0  0  0   0  0   0  1  1  0  0  2/3    12:47   0:00   1:13 
Johan Larsson            0  0  0   0  0   0  0  0  0  0  0/0     3:28   0:00   0:00 
Kevin Connauton          0  0  0   1  0   0  2  2  0  0  0/0    14:47   0:00   2:04 
Mason Raymond            0  0  0   0  0   0  0  0  0  0  0/0     3:28   0:00   0:00 
Michal Rozsival          0  1  1   1  0   0  2  1  0  0  0/0    13:05   0:00   0:22 
Nikita Kucherov          0  2  2   2  0   1  2  1  0  0  1/3    25:38   4:10   7:00 
Niklas Hjalmarsson       0  1  1   1  0   1  1  1  0  0  0/0    21:29   3:48   4:05 
Oliver Ekman-Larsson     0  1  1   0  4   7  1  0  0  0  0/0    23:33   3:30   3:18 
Phil Kessel              0  0  0   2  0   1  1  0  0  0  0/1    20:58   4:10   2:20 
Steve Ott                0  0  0   0  0   0  0  0  0  0  4/6     3:28   0:00   0:00 
Teuvo Teravainen         0  0  0   0  0   1  0  0  0  0  6/14   11:34   0:00   0:00 
Wayne Simmonds           0  0  0   0  2   3  2  0  0  0  0/0    16:47   3:08   0:00 

Players Stats for CHICAGO

Player Name              G  A  P  +/- PIM S  H  SB GA TA FO     MP     PP MP  PK MP  
------------------------------------------------------------------------------------
Carl Hagelin             0  0  0  -1  0   1  0  0  0  0  0/3    16:02   0:00   4:35 
Connor Murphy            0  0  0  -2  2   2  2  1  0  0  0/0    20:51   4:50   2:10 
Derek Dorsett            0  0  0   0  0   0  0  0  0  0  0/0     3:28   0:00   0:00 
Erik Haula               0  0  0  -1  0   0  0  0  0  0  10/20  15:49   0:00   4:22 
Filip Forsberg           0  1  1   0  0   8  4  1  0  0  1/1    19:40   4:52   0:00 
James Neal               0  0  0  -1  2   0  1  0  0  0  0/0    18:25   4:40   0:19 
James van Riemsdyk       0  0  0   0  0   3  0  0  0  0  0/2    19:40   4:52   0:00 
Jared Spurgeon           0  1  1   1  0   5  1  0  0  0  0/0    25:31   4:42   4:17 
Lance Bouma              0  0  0   0  0   2  0  0  0  0  1/1     5:40   0:00   2:12 
Mark Pysyk               0  0  0  -1  2   0  1  2  0  0  0/0    12:45   0:00   0:00 
Matt Dumba               1  0  1  -2  0   1  0  1  0  0  0/0    21:43   4:50   3:01 
Michael Del Zotto        0  0  0  -1  2   0  4  0  0  0  0/0    13:36   0:00   0:51 
Nick Leddy               0  0  0   1  0   2  4  1  0  0  0/0    25:31   4:42   4:17 
Rick Nash                0  1  1  -1  0   5  0  0  0  0  0/1    18:19   4:40   0:12 
Ryan O'Reilly            1  0  1   0  0   5  0  0  0  0  12/26  19:40   4:52   0:00 
Shawn Matthias           0  0  0   0  0   0  0  0  0  0  3/10    4:12   0:00   0:44 
Tyler Bozak              0  1  1  -1  0   0  1  0  0  0  8/18   18:07   4:40   0:00 
Zack Smith               0  0  0  -1  0   2  0  1  0  0  3/4    13:39   0:00   2:12 

3 Stars

1 - Anze Kopitar (MIN)
2 - Nikita Kucherov (MIN)
3 - Andrei Vasilevskiy (MIN)

Power Play

MINNESOTA - 0 on 4 Attempt(s) - 0.00%
CHICAGO - 1 on 5 Attempt(s) - 20.00%

Penalty Kill

MINNESOTA - 4 on 5 Attempt(s) - 80.00% - Score 0 goal in Penalty Kill
CHICAGO - 4 on 4 Attempt(s) - 100.00% - Score 0 goal in Penalty Kill

Team Stat

MINNESOTA - Hits : 20 - Faceoff Wins : 48 - Blocked Shots : 11 - Penalty Minutes : 10
CHICAGO - Hits : 18 - Faceoff Wins : 38 - Blocked Shots : 7 - Penalty Minutes : 8

Official

Referees : Unknown
Linesman : Unknown

Game Notes

No Game Note

Finance

Level 1 -- Attendance: 4796 (79.93%) -- Ticket Income $479,600
Level 2 -- Attendance: 3222 (64.44%) -- Ticket Income $209,430
Level 3 -- Attendance: 800 (40.00%) -- Ticket Income $60,000
Level 4 -- Attendance: 1600 (40.00%) -- Ticket Income $80,000
Luxury Box -- Attendance: 636 (63.60%) -- Ticket Income $159,000
Game was played at the United Center.
Total Attendance: 11054 (61.41%)
Total Ticket Income: $988,030
Total Income: $988,030

MINNESOTA

5 vs 5 Forward 
   Center                   Left Wing                Right Wing               Time % Phy DF OF 
 1 Anze Kopitar             Phil Kessel              Nikita Kucherov          35     1   2  2  
 2 Jeff Carter              Artemi Panarin           Wayne Simmonds           30     1   2  2  
 3 Teuvo Teravainen         Jakub Voracek            Joel Ward                25     1   2  2  
 4 Steve Ott                Johan Larsson            Mason Raymond            10     1   2  2  

5 vs 5 Defense 
   Defense                  Defense                                           Time % Phy DF OF 
 1 Erik Karlsson            Oliver Ekman-Larsson                              35     1   2  2  
 2 Niklas Hjalmarsson       Francois Beauchemin                               30     1   2  2  
 3 Michal Rozsival          Kevin Connauton                                   25     1   2  2  
 4 Erik Karlsson            Oliver Ekman-Larsson                              10     1   2  2  

PowerPlay Forward 
   Center                   Left Wing                Right Wing               Time % Phy DF OF 
 1 Anze Kopitar             Phil Kessel              Nikita Kucherov          60     1   2  2  
 2 Jeff Carter              Artemi Panarin           Wayne Simmonds           40     1   2  2  

PowerPlay Defense
   Defense                  Defense                                           Time % Phy DF OF 
 1 Erik Karlsson            Oliver Ekman-Larsson                              60     1   2  2  
 2 Niklas Hjalmarsson       Francois Beauchemin                               40     1   2  2  

Penalty Kill 4 Players Forward 
   Center                   Wing                     Time % Phy DF OF 
 1 Anze Kopitar             Nikita Kucherov          60     1   2  2  
 2 Jeff Carter              Phil Kessel              40     1   2  2  

Penalty Kill 4 Players Defense
   Defense                  Defense                  Time % Phy DF OF 
 1 Erik Karlsson            Oliver Ekman-Larsson     60     1   2  2  
 2 Niklas Hjalmarsson       Francois Beauchemin      40     1   2  2  

Penalty Kill - 3 Players Forward 
   Forward                                           Time % Phy DF OF 
 1 Anze Kopitar                                      60     1   2  2  
 2 Nikita Kucherov                                   40     1   2  2  

Penalty Kill - 3 Players Defense
   Defense                  Defense                  Time % Phy DF OF 
 1 Erik Karlsson            Oliver Ekman-Larsson     60     1   2  2  
 2 Niklas Hjalmarsson       Francois Beauchemin      40     1   2  2  

4 vs 4 Forward 
   Center                   Wing                     Time % Phy DF OF 
 1 Anze Kopitar             Nikita Kucherov          60     1   2  2  
 2 Jeff Carter              Phil Kessel              40     1   2  2  

4 vs 4 Defense
   Defense                  Defense                  Time % Phy DF OF 
 1 Erik Karlsson            Oliver Ekman-Larsson     60     1   2  2  
 2 Niklas Hjalmarsson       Francois Beauchemin      40     1   2  2  

Last Minutes Offensive
   Center                   Left Wing                Right Wing               Defense                  Defense                  
   Anze Kopitar             Phil Kessel              Nikita Kucherov          Erik Karlsson            Oliver Ekman-Larsson     

Last Minutes Defensive
   Center                   Left Wing                Right Wing               Defense                  Defense                  
   Anze Kopitar             Phil Kessel              Nikita Kucherov          Erik Karlsson            Oliver Ekman-Larsson     

Goaltenders
Starting : Andrei Vasilevskiy       
Backup : Cal Heeter               

Extra Forwards
Normal : Johan Larsson, Jakub Voracek, Joel Ward - PP : Johan Larsson, Jakub Voracek - PK : Joel Ward
Extra Defensemen
Normal : Michal Rozsival, Kevin Connauton, Niklas Hjalmarsson - PP : Michal Rozsival - PK : Kevin Connauton, Niklas Hjalmarsson
Penalty Shots
Anze Kopitar, Nikita Kucherov, Jeff Carter, Phil Kessel, Artemi Panarin

Scratches
Marek Hrivik (Healthy), Jean-Francois Berube (Healthy)

CHICAGO

5 vs 5 Forward 
   Center                   Left Wing                Right Wing               Time % Phy DF OF 
 1 Ryan O'Reilly            James van Riemsdyk       Filip Forsberg           35     1   2  2  
 2 Tyler Bozak              Rick Nash                James Neal               30     1   2  2  
 3 Erik Haula               Carl Hagelin             Zack Smith               25     1   2  2  
 4 Shawn Matthias           Lance Bouma              Derek Dorsett            10     1   2  2  

5 vs 5 Defense 
   Defense                  Defense                                           Time % Phy DF OF 
 1 Jared Spurgeon           Nick Leddy                                        35     1   2  2  
 2 Connor Murphy            Matt Dumba                                        30     1   2  2  
 3 Michael Del Zotto        Mark Pysyk                                        25     1   2  2  
 4 Nick Leddy               Jared Spurgeon                                    10     1   2  2  

PowerPlay Forward 
   Center                   Left Wing                Right Wing               Time % Phy DF OF 
 1 Ryan O'Reilly            James van Riemsdyk       Filip Forsberg           60     1   2  2  
 2 Tyler Bozak              Rick Nash                James Neal               40     1   2  2  

PowerPlay Defense
   Defense                  Defense                                           Time % Phy DF OF 
 1 Jared Spurgeon           Nick Leddy                                        60     1   2  2  
 2 Connor Murphy            Matt Dumba                                        40     1   2  2  

Penalty Kill 4 Players Forward 
   Center                   Wing                     Time % Phy DF OF 
 1 Erik Haula               Carl Hagelin             60     1   2  2  
 2 Zack Smith               Lance Bouma              40     1   2  2  

Penalty Kill 4 Players Defense
   Defense                  Defense                  Time % Phy DF OF 
 1 Jared Spurgeon           Nick Leddy               60     1   2  2  
 2 Connor Murphy            Matt Dumba               40     1   2  2  

Penalty Kill - 3 Players Forward 
   Forward                                           Time % Phy DF OF 
 1 Zack Smith                                        60     1   2  2  
 2 Ryan O'Reilly                                     40     1   2  2  

Penalty Kill - 3 Players Defense
   Defense                  Defense                  Time % Phy DF OF 
 1 Jared Spurgeon           Nick Leddy               60     1   2  2  
 2 Connor Murphy            Matt Dumba               40     1   2  2  

4 vs 4 Forward 
   Center                   Wing                     Time % Phy DF OF 
 1 Ryan O'Reilly            Filip Forsberg           60     1   2  2  
 2 Tyler Bozak              James van Riemsdyk       40     1   2  2  

4 vs 4 Defense
   Defense                  Defense                  Time % Phy DF OF 
 1 Jared Spurgeon           Nick Leddy               60     1   2  2  
 2 Connor Murphy            Matt Dumba               40     1   2  2  

Last Minutes Offensive
   Center                   Left Wing                Right Wing               Defense                  Defense                  
   Ryan O'Reilly            Filip Forsberg           James Neal               Jared Spurgeon           Nick Leddy               

Last Minutes Defensive
   Center                   Left Wing                Right Wing               Defense                  Defense                  
   Ryan O'Reilly            Filip Forsberg           James Neal               Jared Spurgeon           Nick Leddy               

Goaltenders
Starting : Marc-Andre Fleury        
Backup : Ondrej Pavelec           

Extra Forwards
Normal : Rick Nash, Carl Hagelin, Erik Haula - PP : Rick Nash, Carl Hagelin - PK : Erik Haula
Extra Defensemen
Normal : Nick Leddy, Michael Del Zotto, Mark Pysyk - PP : Nick Leddy - PK : Michael Del Zotto, Mark Pysyk
Penalty Shots
Filip Forsberg, Ryan O'Reilly, James van Riemsdyk, James Neal, Tyler Bozak

Scratches
Dylan Olsen (Healthy), Jeremy Morin (Healthy)

% Time on Ice - MINNESOTA

Lines # - Real PCT - Wanted PCT - Time Play
Normal Forward
1 - 34% - 35% - 14:28
2 - 32% - 30% - 13:40
3 - 27% - 25% - 11:34
4 - 8% - 10% - 3:28
Normal Defense
1 - 35% - 35% - 15:11
2 - 32% - 30% - 13:40
3 - 29% - 25% - 12:43
4 - 4% - 10% - 1:36
PP Forward
1 - 57% - 60% - 4:10
2 - 43% - 40% - 3:08
PP Defense
1 - 48% - 60% - 3:30
2 - 52% - 40% - 3:48
PK Forward
1 - 76% - 60% - 7:12
2 - 24% - 40% - 2:20
PK Defense
1 - 60% - 60% - 5:45
2 - 40% - 40% - 3:47
PK3 Forward
1 - 0% - 60%
2 - 0% - 40%
PK3 Defense
1 - 0% - 60%
2 - 0% - 40%
44 Forward
1 - 0% - 60%
2 - 0% - 40%
44 Defense
1 - 0% - 60%
2 - 0% - 40%
Last Minute Offensive  - 0:00
Last Minute Defensive  - 0:00
Total
Forward - 60:00
Defense - 60:00

% Time on Ice - CHICAGO

Lines # - Real PCT - Wanted PCT - Time Play
Normal Forward
1 - 34% - 35% - 14:48
2 - 31% - 30% - 13:27
3 - 27% - 25% - 11:27
4 - 8% - 10% - 3:28
Normal Defense
1 - 35% - 35% - 14:55
2 - 32% - 30% - 13:52
3 - 30% - 25% - 12:46
4 - 4% - 10% - 1:37
PP Forward
1 - 51% - 60% - 4:52
2 - 49% - 40% - 4:40
PP Defense
1 - 49% - 60% - 4:42
2 - 51% - 40% - 4:50
PK Forward
1 - 70% - 60% - 5:06
2 - 30% - 40% - 2:12
PK Defense
1 - 59% - 60% - 4:17
2 - 41% - 40% - 3:01
PK3 Forward
1 - 0% - 60%
2 - 0% - 40%
PK3 Defense
1 - 0% - 60%
2 - 0% - 40%
44 Forward
1 - 0% - 60%
2 - 0% - 40%
44 Defense
1 - 0% - 60%
2 - 0% - 40%
Last Minute Offensive  - 0:00
Last Minute Defensive  - 0:00
Total
Forward - 60:00
Defense - 60:00

Play by Play

1st period


0:01 of 1st period - Anze Kopitar wins face-off versus Ryan O'Reilly in neutral zone.
0:28 of 1st period - Icing by Erik Karlsson.
0:29 of 1st period - Anze Kopitar wins face-off versus Tyler Bozak in MINNESOTA zone.
0:29 of 1st period - Anze Kopitar is hit by James Neal.
0:36 of 1st period - Erik Karlsson is hit by Connor Murphy and loses puck.
0:38 of 1st period - Minor Penalty to Connor Murphy for Hooking.
0:39 of 1st period - Jeff Carter wins face-off versus Erik Haula in CHICAGO zone.
0:41 of 1st period - Artemi Panarin is hit by Nick Leddy and loses puck.
1:59 of 1st period - Icing by Anze Kopitar.
2:00 of 1st period - Anze Kopitar wins face-off versus Zack Smith in MINNESOTA zone.
2:59 of 1st period - Shot by Teuvo Teravainen.
2:59 of 1st period - Stopped by Marc-Andre Fleury without a rebound.
3:00 of 1st period - Jeff Carter wins face-off versus Ryan O'Reilly in CHICAGO zone.
3:17 of 1st period - Shot by Wayne Simmonds.
3:17 of 1st period - Stopped by Marc-Andre Fleury with a rebound.
3:56 of 1st period - James van Riemsdyk is hit by Kevin Connauton and loses puck.
4:15 of 1st period - Shot by Nick Leddy.
4:15 of 1st period - Stopped by Andrei Vasilevskiy with a rebound.
4:17 of 1st period - Shot by Nick Leddy.
4:17 of 1st period - Shot Misses the Net.
4:19 of 1st period - Shot by Jared Spurgeon.
4:19 of 1st period - Stopped by Andrei Vasilevskiy without a rebound.
4:20 of 1st period - Anze Kopitar wins face-off versus Tyler Bozak in MINNESOTA zone.
4:27 of 1st period - Shot by Anze Kopitar.
4:27 of 1st period - Stopped by Marc-Andre Fleury without a rebound.
4:28 of 1st period - Anze Kopitar wins face-off versus Erik Haula in CHICAGO zone.
4:53 of 1st period - Shot by Phil Kessel.
4:53 of 1st period - Shot Misses the Net.
4:55 of 1st period - Shot by Phil Kessel.
4:55 of 1st period - Stopped by Marc-Andre Fleury without a rebound.
4:56 of 1st period - Tyler Bozak wins face-off versus Artemi Panarin in CHICAGO zone.
4:56 of 1st period - Tyler Bozak is hit by Wayne Simmonds.
5:12 of 1st period - Shot by Rick Nash.
5:12 of 1st period - Stopped by Andrei Vasilevskiy without a rebound.
5:13 of 1st period - Shawn Matthias wins face-off versus Anze Kopitar in MINNESOTA zone.
5:27 of 1st period - Minor Penalty to Oliver Ekman-Larsson for Tripping.
5:28 of 1st period - Anze Kopitar wins face-off versus Ryan O'Reilly in MINNESOTA zone.
6:03 of 1st period - Kevin Connauton is hit by Filip Forsberg and loses puck.
6:37 of 1st period - Off-side.
6:38 of 1st period - Anze Kopitar wins face-off versus Tyler Bozak in neutral zone.
6:57 of 1st period - Nikita Kucherov is hit by Tyler Bozak and loses puck.
7:08 of 1st period - Shot by Connor Murphy.
7:08 of 1st period - Stopped by Andrei Vasilevskiy without a rebound.
7:09 of 1st period - Ryan O'Reilly wins face-off versus Jeff Carter in MINNESOTA zone.
7:10 of 1st period - Shot by Jared Spurgeon.
7:10 of 1st period - Stopped by Andrei Vasilevskiy without a rebound.
7:11 of 1st period - Ryan O'Reilly wins face-off versus Jeff Carter in MINNESOTA zone.
7:12 of 1st period - Shot by Filip Forsberg.
7:12 of 1st period - Stopped by Andrei Vasilevskiy with a rebound.
7:14 of 1st period - Shot by Ryan O'Reilly.
7:14 of 1st period - Stopped by Andrei Vasilevskiy without a rebound.
7:15 of 1st period - Ryan O'Reilly wins face-off versus Anze Kopitar in MINNESOTA zone.
7:38 of 1st period - Shot by Joel Ward.
7:38 of 1st period - Shot Blocked by Zack Smith.
7:40 of 1st period - Shot by Erik Karlsson.
7:40 of 1st period - Shot Misses the Net.
7:44 of 1st period - Shot by Erik Karlsson.
7:44 of 1st period - Shot Misses the Net.
7:57 of 1st period - Icing by Erik Karlsson.
7:58 of 1st period - Teuvo Teravainen wins face-off versus Tyler Bozak in MINNESOTA zone.
8:09 of 1st period - Shot by Jakub Voracek.
8:09 of 1st period - Stopped by Marc-Andre Fleury with a rebound.
8:11 of 1st period - Shot by Oliver Ekman-Larsson.
8:11 of 1st period - Shot Misses the Net.
9:08 of 1st period - Shot by Filip Forsberg.
9:08 of 1st period - Shot Blocked by Francois Beauchemin.
9:48 of 1st period - Shot by Carl Hagelin.
9:48 of 1st period - Shot Blocked by Anze Kopitar.
9:50 of 1st period - Shot by Carl Hagelin.
9:50 of 1st period - Shot Misses the Net.
9:54 of 1st period - Shot by Zack Smith.
9:54 of 1st period - Stopped by Andrei Vasilevskiy without a rebound.
9:55 of 1st period - Shawn Matthias wins face-off versus Jeff Carter in MINNESOTA zone.
10:51 of 1st period - Off-side.
10:52 of 1st period - Ryan O'Reilly wins face-off versus Steve Ott in neutral zone.
10:59 of 1st period - Shot by Ryan O'Reilly.
10:59 of 1st period - Stopped by Andrei Vasilevskiy without a rebound.
11:00 of 1st period - Teuvo Teravainen wins face-off versus Ryan O'Reilly in MINNESOTA zone.
11:00 of 1st period - Teuvo Teravainen is hit by Filip Forsberg.
11:27 of 1st period - Nick Leddy is hit by Oliver Ekman-Larsson.
11:38 of 1st period - Nick Leddy is hit by Jakub Voracek and loses puck.
12:21 of 1st period - Shot by James Neal.
12:21 of 1st period - Shot Misses the Net.
12:48 of 1st period - Connor Murphy is hit by Michal Rozsival and loses puck.
13:07 of 1st period - Shot by Artemi Panarin.
13:07 of 1st period - Shot Blocked by Matt Dumba.
13:09 of 1st period - Shot by Wayne Simmonds.
13:09 of 1st period - Stopped by Marc-Andre Fleury without a rebound.
13:10 of 1st period - Steve Ott wins face-off versus Erik Haula in CHICAGO zone.
14:32 of 1st period - Jeff Carter is hit by Nick Leddy and loses puck.
14:39 of 1st period - Shot by Artemi Panarin.
14:39 of 1st period - Shot Misses the Net.
14:41 of 1st period - Shot by Wayne Simmonds.
14:41 of 1st period - Deflect By Jeff Carter.
14:41 of 1st period - Stopped by Marc-Andre Fleury without a rebound.
14:42 of 1st period - Anze Kopitar wins face-off versus Shawn Matthias in CHICAGO zone.
15:13 of 1st period - Shot by Shawn Matthias.
15:13 of 1st period - Deflect By Lance Bouma.
15:13 of 1st period - Stopped by Andrei Vasilevskiy without a rebound.
15:14 of 1st period - Jakub Voracek wins face-off versus Ryan O'Reilly in MINNESOTA zone.
15:21 of 1st period - Shot by Joel Ward.
15:21 of 1st period - Shot Misses the Net.
15:26 of 1st period - James van Riemsdyk is hit by Joel Ward and loses puck.
15:58 of 1st period - Shot by Filip Forsberg.
15:58 of 1st period - Shot Misses the Net.
16:22 of 1st period - Off-side.
16:23 of 1st period - Jeff Carter wins face-off versus Carl Hagelin in neutral zone.
16:37 of 1st period - Icing by Michael Del Zotto.
16:38 of 1st period - Erik Haula wins face-off versus Anze Kopitar in CHICAGO zone.
16:57 of 1st period - Michael Del Zotto is hit by Anze Kopitar and loses puck.
17:15 of 1st period - Anze Kopitar is hit by Michael Del Zotto and loses puck.
17:33 of 1st period - Michael Del Zotto is hit by Jeff Carter and loses puck.
17:57 of 1st period - Icing by Mark Pysyk.
17:58 of 1st period - Steve Ott wins face-off versus Erik Haula in CHICAGO zone.
18:04 of 1st period - Minor Penalty to Michael Del Zotto for Holding Stick.
18:05 of 1st period - Jeff Carter wins face-off versus Shawn Matthias in CHICAGO zone.
18:10 of 1st period - Shot by Artemi Panarin.
18:10 of 1st period - Stopped by Marc-Andre Fleury without a rebound.
18:11 of 1st period - Anze Kopitar wins face-off versus Shawn Matthias in CHICAGO zone.
18:14 of 1st period - Shot by Oliver Ekman-Larsson.
18:14 of 1st period - Stopped by Marc-Andre Fleury without a rebound.
18:15 of 1st period - Anze Kopitar wins face-off versus Carl Hagelin in CHICAGO zone.
18:16 of 1st period - Shot by Oliver Ekman-Larsson.
18:16 of 1st period - Shot Misses the Net.
18:18 of 1st period - Shot by Oliver Ekman-Larsson.
18:18 of 1st period - Shot Misses the Net.
18:20 of 1st period - Shot by Oliver Ekman-Larsson.
18:20 of 1st period - Stopped by Marc-Andre Fleury without a rebound.
18:21 of 1st period - Anze Kopitar wins face-off versus Shawn Matthias in CHICAGO zone.
18:31 of 1st period - Icing by Phil Kessel.
18:32 of 1st period - Erik Haula wins face-off versus Anze Kopitar in MINNESOTA zone.
18:58 of 1st period - Off-side.
18:59 of 1st period - Zack Smith wins face-off versus Jeff Carter in neutral zone.
18:59 of 1st period - Zack Smith is hit by Wayne Simmonds.
19:13 of 1st period - Shot by Jeff Carter.
19:13 of 1st period - Shot Blocked by Nick Leddy.
Goals for this period are 0 for MINNESOTA vs 0 for CHICAGO.
Shots for this period are 10 for MINNESOTA vs 10 for CHICAGO.

2nd period


0:01 of 2nd period - Anze Kopitar wins face-off versus Erik Haula in neutral zone.
0:21 of 2nd period - Off-side.
0:22 of 2nd period - Ryan O'Reilly wins face-off versus Anze Kopitar in neutral zone.
0:46 of 2nd period - Minor Penalty to Anze Kopitar for Interference.
0:47 of 2nd period - Tyler Bozak wins face-off versus Joel Ward in MINNESOTA zone.
0:50 of 2nd period - Shot by Rick Nash.
0:50 of 2nd period - Stopped by Andrei Vasilevskiy without a rebound.
0:51 of 2nd period - Joel Ward wins face-off versus Tyler Bozak in MINNESOTA zone.
1:13 of 2nd period - Shot by Rick Nash.
1:13 of 2nd period - Stopped by Andrei Vasilevskiy with a rebound.
1:15 of 2nd period - Shot by Jared Spurgeon.
1:15 of 2nd period - Stopped by Andrei Vasilevskiy with a rebound.
1:17 of 2nd period - Shot by Jared Spurgeon.
1:17 of 2nd period - Shot Misses the Net.
1:19 of 2nd period - Shot by James Neal.
1:19 of 2nd period - Shot Misses the Net.
1:23 of 2nd period - Shot by Jared Spurgeon.
1:23 of 2nd period - Stopped by Andrei Vasilevskiy without a rebound.
1:24 of 2nd period - Jeff Carter wins face-off versus James van Riemsdyk in MINNESOTA zone.
1:24 of 2nd period - Jeff Carter is hit by Filip Forsberg.
1:36 of 2nd period - Shot by Connor Murphy.
1:36 of 2nd period - Shot Misses the Net.
1:38 of 2nd period - Shot by James van Riemsdyk.
1:38 of 2nd period - Shot Blocked by Niklas Hjalmarsson.
1:40 of 2nd period - Shot by Filip Forsberg.
1:40 of 2nd period - Stopped by Andrei Vasilevskiy without a rebound.
1:41 of 2nd period - Jeff Carter wins face-off versus Ryan O'Reilly in MINNESOTA zone.
1:56 of 2nd period - Shot by Jared Spurgeon.
1:56 of 2nd period - Shot Misses the Net.
1:58 of 2nd period - Shot by Nick Leddy.
1:58 of 2nd period - Stopped by Andrei Vasilevskiy without a rebound.
1:59 of 2nd period - Jeff Carter wins face-off versus Tyler Bozak in MINNESOTA zone.
2:53 of 2nd period - Shot by Ryan O'Reilly.
2:53 of 2nd period - Shot Blocked by Kevin Connauton.
2:55 of 2nd period - Shot by Filip Forsberg.
2:55 of 2nd period - Stopped by Andrei Vasilevskiy without a rebound.
2:56 of 2nd period - Ryan O'Reilly wins face-off versus Teuvo Teravainen in MINNESOTA zone.
3:03 of 2nd period - Shot by Filip Forsberg.
3:03 of 2nd period - Shot Blocked by Erik Karlsson.
3:06 of 2nd period - Icing by Oliver Ekman-Larsson.
3:07 of 2nd period - Erik Haula wins face-off versus Teuvo Teravainen in MINNESOTA zone.
3:33 of 2nd period - Shot by Zack Smith.
3:33 of 2nd period - Shot Misses the Net.
4:16 of 2nd period - Shot by Rick Nash.
4:16 of 2nd period - Stopped by Andrei Vasilevskiy with a rebound.
6:05 of 2nd period - Shot by Filip Forsberg.
6:05 of 2nd period - Stopped by Andrei Vasilevskiy without a rebound.
6:06 of 2nd period - Teuvo Teravainen wins face-off versus Erik Haula in MINNESOTA zone.
6:51 of 2nd period - Icing by Erik Karlsson.
6:52 of 2nd period - Ryan O'Reilly wins face-off versus Teuvo Teravainen in MINNESOTA zone.
7:00 of 2nd period - Icing by Erik Karlsson.
7:01 of 2nd period - Teuvo Teravainen wins face-off versus Ryan O'Reilly in MINNESOTA zone.
7:16 of 2nd period - Icing by Nick Leddy.
7:17 of 2nd period - Ryan O'Reilly wins face-off versus Anze Kopitar in CHICAGO zone.
7:44 of 2nd period - Shot by Anze Kopitar.
7:44 of 2nd period - Shot Misses the Net.
7:46 of 2nd period - Shot by Anze Kopitar.
7:46 of 2nd period - Shot Misses the Net.
7:56 of 2nd period - Shot by Phil Kessel.
7:56 of 2nd period - Shot Misses the Net.
7:58 of 2nd period - Shot by Phil Kessel.
7:58 of 2nd period - Shot Misses the Net.
8:00 of 2nd period - Shot by Niklas Hjalmarsson.
8:00 of 2nd period - Shot Misses the Net.
8:39 of 2nd period - Shot by Artemi Panarin.
8:39 of 2nd period - Shot Misses the Net.
8:41 of 2nd period - Shot by Artemi Panarin.
8:41 of 2nd period - Stopped by Marc-Andre Fleury without a rebound.
8:42 of 2nd period - Lance Bouma wins face-off versus Steve Ott in CHICAGO zone.
8:51 of 2nd period - Shot by Derek Dorsett.
8:51 of 2nd period - Shot Misses the Net.
8:55 of 2nd period - Shot by Lance Bouma.
8:55 of 2nd period - Stopped by Andrei Vasilevskiy without a rebound.
8:56 of 2nd period - Tyler Bozak wins face-off versus Jeff Carter in MINNESOTA zone.
8:57 of 2nd period - Shot by James Neal.
8:57 of 2nd period - Deflect By Rick Nash.
8:57 of 2nd period - Stopped by Andrei Vasilevskiy with a rebound.
9:22 of 2nd period - Shot by Jeff Carter.
9:22 of 2nd period - Goal by Jeff Carter - MINNESOTA : 1 - CHICAGO : 0.
9:23 of 2nd period - Erik Haula wins face-off versus Teuvo Teravainen in neutral zone.
9:35 of 2nd period - Off-side.
9:36 of 2nd period - Anze Kopitar wins face-off versus Ryan O'Reilly in neutral zone.
9:38 of 2nd period - Nikita Kucherov is hit by Mark Pysyk and loses puck.
9:57 of 2nd period - Shot by Anze Kopitar.
9:57 of 2nd period - Goal by Anze Kopitar - MINNESOTA : 2 - CHICAGO : 0.
9:58 of 2nd period - Tyler Bozak wins face-off versus Jeff Carter in neutral zone.
10:27 of 2nd period - Shot by Artemi Panarin.
10:27 of 2nd period - Shot Misses the Net.
10:50 of 2nd period - Icing by Jared Spurgeon.
10:51 of 2nd period - Anze Kopitar wins face-off versus Tyler Bozak in CHICAGO zone.
10:51 of 2nd period - Nikita Kucherov is hit by Jared Spurgeon and loses puck.
11:10 of 2nd period - Shot by Filip Forsberg.
11:10 of 2nd period - Shot Misses the Net.
11:12 of 2nd period - Shot by Connor Murphy.
11:12 of 2nd period - Stopped by Andrei Vasilevskiy with a rebound.
11:26 of 2nd period - Shot by Filip Forsberg.
11:26 of 2nd period - Shot Blocked by Michal Rozsival.
11:28 of 2nd period - Shot by Matt Dumba.
11:28 of 2nd period - Shot Misses the Net.
11:30 of 2nd period - Shot by Connor Murphy.
11:30 of 2nd period - Shot Misses the Net.
11:32 of 2nd period - Shot by James van Riemsdyk.
11:32 of 2nd period - Stopped by Andrei Vasilevskiy without a rebound.
11:33 of 2nd period - Erik Haula wins face-off versus Teuvo Teravainen in MINNESOTA zone.
11:33 of 2nd period - Mark Pysyk is hit by Francois Beauchemin and loses puck.
12:01 of 2nd period - Carl Hagelin is hit by Niklas Hjalmarsson.
12:47 of 2nd period - Shot by Artemi Panarin.
12:47 of 2nd period - Stopped by Marc-Andre Fleury without a rebound.
12:48 of 2nd period - Tyler Bozak wins face-off versus Phil Kessel in CHICAGO zone.
12:48 of 2nd period - Tyler Bozak is hit by Nikita Kucherov.
12:51 of 2nd period - Connor Murphy is hit by Nikita Kucherov and loses puck.
13:07 of 2nd period - Shot by Rick Nash.
13:07 of 2nd period - Shot Blocked by Kevin Connauton.
13:26 of 2nd period - Shot by Nikita Kucherov.
13:26 of 2nd period - Stopped by Marc-Andre Fleury with a rebound.
13:28 of 2nd period - Shot by Nikita Kucherov.
13:28 of 2nd period - Shot Misses the Net.
13:30 of 2nd period - Shot by Kevin Connauton.
13:30 of 2nd period - Shot Blocked by Connor Murphy.
13:32 of 2nd period - Shot by Anze Kopitar.
13:32 of 2nd period - Shot Misses the Net.
14:02 of 2nd period - Shot by Filip Forsberg.
14:02 of 2nd period - Shot Misses the Net.
14:10 of 2nd period - Shot by Ryan O'Reilly.
14:10 of 2nd period - Goal by Ryan O'Reilly - MINNESOTA : 2 - CHICAGO : 1.
14:11 of 2nd period - Steve Ott wins face-off versus Shawn Matthias in neutral zone.
14:47 of 2nd period - Shot by Steve Ott.
14:47 of 2nd period - Shot Misses the Net.
14:49 of 2nd period - Shot by Niklas Hjalmarsson.
14:49 of 2nd period - Stopped by Marc-Andre Fleury with a rebound.
14:51 of 2nd period - Shot by Niklas Hjalmarsson.
14:51 of 2nd period - Shot Misses the Net.
15:09 of 2nd period - Shot by Anze Kopitar.
15:09 of 2nd period - Stopped by Marc-Andre Fleury without a rebound.
15:10 of 2nd period - Jeff Carter wins face-off versus Ryan O'Reilly in CHICAGO zone.
15:33 of 2nd period - Wayne Simmonds is hit by Nick Leddy and loses puck.
15:52 of 2nd period - Shot by Jeff Carter.
15:52 of 2nd period - Stopped by Marc-Andre Fleury without a rebound.
15:53 of 2nd period - Tyler Bozak wins face-off versus Anze Kopitar in CHICAGO zone.
16:15 of 2nd period - Minor Penalty to James Neal for Slashing.
16:16 of 2nd period - Erik Haula wins face-off versus Nikita Kucherov in CHICAGO zone.
17:09 of 2nd period - Shot by Oliver Ekman-Larsson.
17:09 of 2nd period - Stopped by Marc-Andre Fleury with a rebound.
17:11 of 2nd period - Shot by Oliver Ekman-Larsson.
17:11 of 2nd period - Stopped by Marc-Andre Fleury with a rebound.
17:13 of 2nd period - Shot by Oliver Ekman-Larsson.
17:13 of 2nd period - Shot Misses the Net.
17:37 of 2nd period - Shot by Wayne Simmonds.
17:37 of 2nd period - Deflect By Artemi Panarin.
17:37 of 2nd period - Stopped by Marc-Andre Fleury with a rebound.
17:39 of 2nd period - Shot by Oliver Ekman-Larsson.
17:39 of 2nd period - Stopped by Marc-Andre Fleury without a rebound.
17:40 of 2nd period - Zack Smith wins face-off versus Anze Kopitar in CHICAGO zone.
18:13 of 2nd period - Off-side.
18:14 of 2nd period - Zack Smith wins face-off versus Artemi Panarin in neutral zone.
18:23 of 2nd period - Icing by Kevin Connauton.
18:24 of 2nd period - Ryan O'Reilly wins face-off versus Teuvo Teravainen in MINNESOTA zone.
18:25 of 2nd period - Shot by James van Riemsdyk.
18:25 of 2nd period - Stopped by Andrei Vasilevskiy with a rebound.
18:27 of 2nd period - Shot by Filip Forsberg.
18:27 of 2nd period - Stopped by Andrei Vasilevskiy without a rebound.
18:28 of 2nd period - Jeff Carter wins face-off versus Ryan O'Reilly in MINNESOTA zone.
18:37 of 2nd period - Icing by Matt Dumba.
18:38 of 2nd period - Jeff Carter wins face-off versus Ryan O'Reilly in CHICAGO zone.
18:38 of 2nd period - Jeff Carter is hit by Connor Murphy.
19:22 of 2nd period - Shot by Wayne Simmonds.
19:22 of 2nd period - Deflect By Artemi Panarin.
19:22 of 2nd period - Shot Blocked by Filip Forsberg.
19:26 of 2nd period - Shot by Artemi Panarin.
19:26 of 2nd period - Deflect By Jeff Carter.
19:26 of 2nd period - Stopped by Marc-Andre Fleury with a rebound.
Goals for this period are 2 for MINNESOTA vs 1 for CHICAGO.
Shots for this period are 13 for MINNESOTA vs 16 for CHICAGO.

3rd period


0:01 of 3rd period - Tyler Bozak wins face-off versus Anze Kopitar in neutral zone.
0:12 of 3rd period - Jared Spurgeon is hit by Phil Kessel and loses puck.
0:43 of 3rd period - Shot by James Neal.
0:43 of 3rd period - Shot Misses the Net.
0:58 of 3rd period - Icing by Tyler Bozak.
0:59 of 3rd period - Jeff Carter wins face-off versus Tyler Bozak in CHICAGO zone.
1:24 of 3rd period - Shot by Artemi Panarin.
1:24 of 3rd period - Deflect By Jeff Carter.
1:24 of 3rd period - Stopped by Marc-Andre Fleury without a rebound.
1:25 of 3rd period - Ryan O'Reilly wins face-off versus Teuvo Teravainen in CHICAGO zone.
1:25 of 3rd period - James van Riemsdyk is hit by Jakub Voracek and loses puck.
2:16 of 3rd period - Icing by Michal Rozsival.
2:17 of 3rd period - Joel Ward wins face-off versus Erik Haula in MINNESOTA zone.
2:23 of 3rd period - Carl Hagelin is hit by Kevin Connauton and loses puck.
2:35 of 3rd period - Icing by Zack Smith.
2:36 of 3rd period - Anze Kopitar wins face-off versus Erik Haula in CHICAGO zone.
2:47 of 3rd period - Shot by Nikita Kucherov.
2:47 of 3rd period - Shot Misses the Net.
2:49 of 3rd period - Shot by Anze Kopitar.
2:49 of 3rd period - Goal by Anze Kopitar - MINNESOTA : 3 - CHICAGO : 1.
2:50 of 3rd period - Jeff Carter wins face-off versus Rick Nash in neutral zone.
3:20 of 3rd period - Shot by James Neal.
3:20 of 3rd period - Shot Misses the Net.
3:22 of 3rd period - Shot by Rick Nash.
3:22 of 3rd period - Shot Hit the Post.
4:00 of 3rd period - Shot by James van Riemsdyk.
4:00 of 3rd period - Shot Misses the Net.
4:02 of 3rd period - Shot by Matt Dumba.
4:02 of 3rd period - Shot Blocked by Francois Beauchemin.
4:07 of 3rd period - Minor Penalty to Wayne Simmonds for Holding Stick.
4:08 of 3rd period - Nikita Kucherov wins face-off versus James van Riemsdyk in MINNESOTA zone.
4:17 of 3rd period - Shot by Matt Dumba.
4:17 of 3rd period - Shot Misses the Net.
4:46 of 3rd period - Off-side.
4:47 of 3rd period - Anze Kopitar wins face-off versus Tyler Bozak in neutral zone.
4:50 of 3rd period - Nick Leddy is hit by Anze Kopitar and loses puck.
5:52 of 3rd period - Shot by Ryan O'Reilly.
5:52 of 3rd period - Stopped by Andrei Vasilevskiy with a rebound.
5:54 of 3rd period - Shot by James van Riemsdyk.
5:54 of 3rd period - Stopped by Andrei Vasilevskiy without a rebound.
5:55 of 3rd period - Anze Kopitar wins face-off versus Ryan O'Reilly in MINNESOTA zone.
6:06 of 3rd period - Shot by Jared Spurgeon.
6:06 of 3rd period - Stopped by Andrei Vasilevskiy with a rebound.
6:09 of 3rd period - Icing by Michal Rozsival.
6:10 of 3rd period - Teuvo Teravainen wins face-off versus Carl Hagelin in MINNESOTA zone.
6:22 of 3rd period - Icing by Michael Del Zotto.
6:23 of 3rd period - Steve Ott wins face-off versus Erik Haula in CHICAGO zone.
6:29 of 3rd period - Mason Raymond is hit by Michael Del Zotto and loses puck.
6:37 of 3rd period - Mason Raymond is hit by Michael Del Zotto and loses puck.
7:09 of 3rd period - Minor Penalty to Oliver Ekman-Larsson for Hooking.
7:10 of 3rd period - Ryan O'Reilly wins face-off versus Anze Kopitar in MINNESOTA zone.
7:20 of 3rd period - Shot by Ryan O'Reilly.
7:20 of 3rd period - Shot Blocked by Nikita Kucherov.
7:32 of 3rd period - Shot by Ryan O'Reilly.
7:32 of 3rd period - Shot Misses the Net.
7:34 of 3rd period - Shot by Nick Leddy.
7:34 of 3rd period - Shot Misses the Net.
7:36 of 3rd period - Shot by Ryan O'Reilly.
7:36 of 3rd period - Shot Misses the Net.
7:38 of 3rd period - Shot by Filip Forsberg.
7:38 of 3rd period - Stopped by Andrei Vasilevskiy with a rebound.
8:23 of 3rd period - Shot by James Neal.
8:23 of 3rd period - Shot Misses the Net.
8:45 of 3rd period - Shot by Matt Dumba.
8:45 of 3rd period - Goal by Matt Dumba - MINNESOTA : 3 - CHICAGO : 2.
8:46 of 3rd period - Erik Haula wins face-off versus Jeff Carter in neutral zone.
9:07 of 3rd period - Shot by Jeff Carter.
9:07 of 3rd period - Deflect By Artemi Panarin.
9:07 of 3rd period - Shot Blocked by Mark Pysyk.
9:11 of 3rd period - Shot by Erik Karlsson.
9:11 of 3rd period - Shot Misses the Net.
9:13 of 3rd period - Shot by Jeff Carter.
9:13 of 3rd period - Stopped by Marc-Andre Fleury without a rebound.
9:14 of 3rd period - Ryan O'Reilly wins face-off versus Teuvo Teravainen in CHICAGO zone.
9:49 of 3rd period - Shot by Jakub Voracek.
9:49 of 3rd period - Stopped by Marc-Andre Fleury without a rebound.
9:50 of 3rd period - Anze Kopitar wins face-off versus Tyler Bozak in CHICAGO zone.
10:09 of 3rd period - Shot by James Neal.
10:09 of 3rd period - Shot Misses the Net.
10:11 of 3rd period - Shot by Rick Nash.
10:11 of 3rd period - Shot Blocked by Anze Kopitar.
10:16 of 3rd period - Icing by Kevin Connauton.
10:17 of 3rd period - Erik Haula wins face-off versus Anze Kopitar in MINNESOTA zone.
11:10 of 3rd period - Shot by Artemi Panarin.
11:10 of 3rd period - Shot Misses the Net.
11:20 of 3rd period - Shot by Wayne Simmonds.
11:20 of 3rd period - Deflect By Jeff Carter.
11:20 of 3rd period - Shot Misses the Net.
11:22 of 3rd period - Shot by Oliver Ekman-Larsson.
11:22 of 3rd period - Stopped by Marc-Andre Fleury with a rebound.
11:24 of 3rd period - Shot by Jeff Carter.
11:24 of 3rd period - Shot Misses the Net.
11:26 of 3rd period - Shot by Erik Karlsson.
11:26 of 3rd period - Shot Misses the Net.
11:28 of 3rd period - Shot by Wayne Simmonds.
11:28 of 3rd period - Shot Misses the Net.
11:30 of 3rd period - Shot by Erik Karlsson.
11:30 of 3rd period - Stopped by Marc-Andre Fleury without a rebound.
11:31 of 3rd period - Filip Forsberg wins face-off versus Jakub Voracek in CHICAGO zone.
11:44 of 3rd period - Shot by Filip Forsberg.
11:44 of 3rd period - Stopped by Andrei Vasilevskiy with a rebound.
11:46 of 3rd period - Shot by Filip Forsberg.
11:46 of 3rd period - Shot Misses the Net.
11:48 of 3rd period - Shot by Filip Forsberg.
11:48 of 3rd period - Stopped by Andrei Vasilevskiy with a rebound.
11:50 of 3rd period - Shot by Ryan O'Reilly.
11:50 of 3rd period - Stopped by Andrei Vasilevskiy without a rebound.
11:51 of 3rd period - Tyler Bozak wins face-off versus Anze Kopitar in MINNESOTA zone.
12:22 of 3rd period - Shot by Nikita Kucherov.
12:22 of 3rd period - Shot Blocked by Mark Pysyk.
12:52 of 3rd period - Ryan O'Reilly is hit by Anze Kopitar and loses puck.
13:20 of 3rd period - Off-side.
13:21 of 3rd period - Jeff Carter wins face-off versus Shawn Matthias in neutral zone.
13:27 of 3rd period - Icing by Jared Spurgeon.
13:28 of 3rd period - Jeff Carter wins face-off versus Shawn Matthias in CHICAGO zone.
13:29 of 3rd period - Shot by Wayne Simmonds.
13:29 of 3rd period - Stopped by Marc-Andre Fleury without a rebound.
13:30 of 3rd period - Erik Haula wins face-off versus Artemi Panarin in CHICAGO zone.
13:45 of 3rd period - Shot by Carl Hagelin.
13:45 of 3rd period - Stopped by Andrei Vasilevskiy with a rebound.
14:13 of 3rd period - Shot by Zack Smith.
14:13 of 3rd period - Stopped by Andrei Vasilevskiy without a rebound.
14:14 of 3rd period - Teuvo Teravainen wins face-off versus Ryan O'Reilly in MINNESOTA zone.
14:34 of 3rd period - Matt Dumba is hit by Jakub Voracek and loses puck.
14:45 of 3rd period - Shot by Filip Forsberg.
14:45 of 3rd period - Shot Misses the Net.
14:47 of 3rd period - Shot by Ryan O'Reilly.
14:47 of 3rd period - Shot Blocked by Joel Ward.
14:49 of 3rd period - Shot by Filip Forsberg.
14:49 of 3rd period - Shot Misses the Net.
14:51 of 3rd period - Shot by Ryan O'Reilly.
14:51 of 3rd period - Shot Misses the Net.
15:25 of 3rd period - James Neal is hit by Michal Rozsival and loses puck.
16:09 of 3rd period - Oliver Ekman-Larsson is hit by Nick Leddy.
16:14 of 3rd period - Icing by Jared Spurgeon.
16:15 of 3rd period - Shawn Matthias wins face-off versus Jeff Carter in CHICAGO zone.
16:35 of 3rd period - Minor Penalty to Francois Beauchemin for High sticking.
16:36 of 3rd period - Anze Kopitar wins face-off versus Ryan O'Reilly in MINNESOTA zone.
16:36 of 3rd period - Anze Kopitar is hit by Filip Forsberg.
18:05 of 3rd period - Shot by Nick Leddy.
18:05 of 3rd period - Shot Misses the Net.
18:36 of 3rd period - Jeff Carter is hit by Michael Del Zotto and loses puck.
18:38 of 3rd period - Minor Penalty to Mark Pysyk for Diving.
18:39 of 3rd period - Jeff Carter wins face-off versus Erik Haula in CHICAGO zone.
18:50 of 3rd period - Shot by Jeff Carter.
18:50 of 3rd period - Stopped by Marc-Andre Fleury with a rebound.
19:10 of 3rd period - Shot by Oliver Ekman-Larsson.
19:10 of 3rd period - Stopped by Marc-Andre Fleury with a rebound.
19:12 of 3rd period - Shot by Wayne Simmonds.
19:12 of 3rd period - Deflect By Jeff Carter.
19:12 of 3rd period - Stopped by Marc-Andre Fleury without a rebound.
19:13 of 3rd period - Erik Haula wins face-off versus Nikita Kucherov in CHICAGO zone.
Goals for this period are 1 for MINNESOTA vs 1 for CHICAGO.
Shots for this period are 10 for MINNESOTA vs 10 for CHICAGO.